Wild vs Panthers

Created - February 29 2012 at 18:26

Goals
1 2 3 OT1 T
Wild 1 2 4 0 7
Panthers 1 3 3 1 8
Shots
1 2 3 OT1 T
Wild 10 7 12 2 31
Panthers 7 13 7 1 28

Period #1

1. Wild , Saku Koivu 17 (Brian Gionta, Tom Gilbert) at 13:37 (SH)
2. Panthers , Chris Drury 7 (Dave Bolland, Lee Stempniak) at 17:53

Penalties :
Jonas Holos (FLA) for Holding (Minor) at 2:27, Kyle Quincey (FLA) for Tripping (Minor) at 4:38, Radek Martinek (MIN) for Hooking (Minor) at 7:10, Radek Martinek (MIN) for Holding (Minor) at 12:16

Period #2

3. Panthers , Jason Garrison 20 (Sam Gagner, Mike Santorelli) at 10:56 (PP)
4. Wild , Brian Gionta 27 (Joni Pitkanen) at 12:15
5. Panthers , Dustin Penner 13 (Dave Bolland, Ryan OByrne) at 12:43
6. Wild , Brian Gionta 28 (Kristian Huselius, Ryan Getzlaf) at 14:44 (PP)
7. Panthers , Sam Gagner 22 (Dave Bolland) at 15:50

Penalties :
Joni Pitkanen (MIN) for Interference (Minor) at 0:11, Colin White (MIN) for Hooking (Minor) at 5:57, Bobby Ryan (MIN) for Interference (Minor) at 9:57, David Steckel (FLA) for Hooking (Minor) at 12:55, Lee Stempniak (FLA) for Interference (Minor) at 16:49

Period #3

8. Panthers , Sam Gagner 23 (Dustin Penner, Dave Bolland) at 3:03
9. Wild , Alexei Ponikarovsky 3 (Saku Koivu, Colin White) at 8:00
10. Panthers , Dustin Penner 14 (Ryan OByrne, Dave Bolland) at 13:14
11. Wild , Kristian Huselius 24 (Brian Gionta, Ryan Getzlaf) at 14:42 (PP)
12. Panthers , Daniel Alfredsson 11 (Ryan Smyth, Jason Garrison) at 15:04
13. Wild , Michael Ryder 7 (Bobby Ryan) at 18:02
14. Wild , Saku Koivu 18 (Radek Martinek, Joel Ward) at 19:22

Penalties :
David Steckel (FLA) for Hooking (Minor) at 4:14, Kyle Quincey (FLA) for Roughing (Minor) at 8:03, Jason Garrison (FLA) for High sticking (Minor) at 10:03, Chris Drury (FLA) for Tripping (Minor) at 14:34

Overtime #1

15. Panthers , Andrew Brunette 10 (Mike Santorelli) at 3:53

Penalties :
Ryan OByrne (FLA) for Holding (Minor) at 1:34

Goalie Stats

Miikka Kiprusoff (MIN), 16 saves from 20 shots - (0.800), 35:50 minutes
Pascal Leclaire (MIN), 4 saves from 8 shots - (0.500), OTL, 1-7-1, 27:56 minutes
Ty Conklin (FLA), 3 saves from 4 shots - (0.750), W, 1-0-0, 5:52 minutes
Semyon Varlamov (FLA), 21 saves from 27 shots - (0.778), 58:02 minutes

Players Stats

Wild
Player Name              G  A  P  +/- PIM S  H  SB FO    MP 
------------------------------------------------------------
Alexei Ponikarovsky      1  0  1   2  0   3  4  0  0/1   15 
Andrew Ebbett            0  0  0   0  0   0  0  0  0/0   1  
Bobby Ryan               0  1  1  -1  2   5  1  0  10/25 23 
Brian Gionta             2  2  4  -3  0   9  0  0  2/2   25 
Colin White              0  1  1   2  2   0  2  1  0/0   18 
Joel Ward                0  1  1   2  0   0  0  0  1/1   15 
Joni Pitkanen            0  1  1  -3  2   1  1  1  0/0   24 
Kristian Huselius        1  1  2  -3  0   2  0  1  0/1   20 
Michael Ryder            1  0  1  -1  0   2  0  0  0/1   17 
Michal Rozsival          0  0  0  -3  0   1  4  0  0/0   25 
Mike Modano              0  0  0   0  0   0  0  0  0/0   0  
Milan Michalek           0  0  0  -1  0   1  1  0  1/1   17 
Radek Martinek           0  1  1   2  4   1  1  0  0/0   15 
Ruslan Salei             0  0  0  -1  0   0  4  0  0/0   21 
Ryan Getzlaf             0  2  2  -3  0   2  9  1  23/38 25 
Saku Koivu               2  1  3   2  0   3  0  0  12/27 22 
Tim Stapleton            0  0  0   0  0   0  0  0  0/0   0  
Tom Gilbert              0  1  1  -1  0   1  0  1  0/0   24 
Panthers
Player Name              G  A  P  +/- PIM S  H  SB FO    MP 
------------------------------------------------------------
Andrew Brunette          1  0  1   2  0   1  0  0  0/2   16 
Anton Volchenkov         0  0  0   0  0   2  1  2  0/0   17 
Chris Drury              1  0  1   1  2   2  2  0  13/26 19 
Daniel Alfredsson        1  0  1  -1  0   2  1  0  0/2   16 
Dave Bolland             0  5  5   2  0   4  2  0  13/22 20 
David Steckel            0  0  0  -1  4   1  1  0  8/11  4  
Dustin Penner            2  1  3   0  0   4  0  0  2/8   23 
Jason Blake              0  0  0   0  0   1  0  1  0/0   9  
Jason Garrison           1  1  2   0  2   1  2  1  0/0   26 
John-Michael Liles       0  0  0  -1  0   0  0  0  0/0   1  
Jonas Holos              0  0  0   3  2   0  0  1  0/0   24 
Kyle Quincey             0  0  0   0  4   0  0  1  0/0   24 
Lee Stempniak            0  1  1   1  2   2  1  0  0/1   5  
Mike Santorelli          0  2  2   1  0   3  0  0  1/2   20 
Patrik Berglund          0  0  0   0  0   1  0  0  9/20  15 
Ryan OByrne              0  2  2   2  2   0  2  0  0/0   25 
Ryan Smyth               0  1  1  -1  0   1  0  0  0/0   16 
Sam Gagner               2  1  3   1  0   3  0  1  2/3   19 

3 Stars

1 - Dave Bolland (FLA)
2 - Saku Koivu (MIN)
3 - Sam Gagner (FLA)

Power Play

Wild - 2 on 9 Attempt(s) - 22.22%
Panthers - 1 on 5 Attempt(s) - 20.00%

Penalty Kill

Wild - 4 on 5 Attempt(s) - 80.00% - Score 1 goal in Penalty Kill
Panthers - 7 on 9 Attempt(s) - 77.78% - Score 0 goal in Penalty Kill

Game Notes

Pascal Leclaire enters game at 15:50 of 2nd period
Ty Conklin enters game at 18:02 of 3rd period

Finance

Level 1 -- Attendance: 6000 (100.00%) -- Ticket Income $420,000.00
Level 2 -- Attendance: 5000 (100.00%) -- Ticket Income $150,000.00
Level 3 -- Attendance: 3500 (100.00%) -- Ticket Income $70,000.00
Level 4 -- Attendance: 3253 (86.75%) -- Ticket Income $32,530.00
Luxury Box -- Attendance: 1000 (100.00%) -- Ticket Income $150,000.00
Game was played at the BankAtlantic Center
Total Attendance: 18753 (97.42%)
Total Ticket Income: $869,333.50
Other Income: $207,321.90
Total Income: $1,076,656.00


Play by Play

Period #1

0:01 of 1st period - Ryan Getzlaf wins face-off versus Patrik Berglund in neutral zone.
0:11 of 1st period - Shot by Patrik Berglund.
0:11 of 1st period - Shot Blocked by Kristian Huselius.
0:16 of 1st period - Icing by Joni Pitkanen.
0:17 of 1st period - Dave Bolland wins face-off versus Ryan Getzlaf in Wild zone.
0:22 of 1st period - Shot by Sam Gagner.
0:22 of 1st period - Shot Misses the Net.
0:30 of 1st period - Shot by Dave Bolland.
0:30 of 1st period - Shot Misses the Net.
0:44 of 1st period - Shot by Dustin Penner.
0:44 of 1st period - Shot Misses the Net.
0:54 of 1st period - Icing by Dustin Penner.
0:55 of 1st period - Dave Bolland wins face-off versus Bobby Ryan in Panthers zone.
0:55 of 1st period - Dave Bolland is hit by Milan Michalek.
1:01 of 1st period - Shot by Sam Gagner.
1:01 of 1st period - Deflect By Dustin Penner.
1:01 of 1st period - Stopped by Miikka Kiprusoff without a rebound.
1:02 of 1st period - Patrik Berglund wins face-off versus Saku Koivu in Wild zone.
1:02 of 1st period - Patrik Berglund is hit by Colin White.
1:05 of 1st period - Ryan Smyth is hit by Colin White and loses puck.
2:24 of 1st period - Shot by Bobby Ryan.
2:24 of 1st period - Stopped by Semyon Varlamov without a rebound.
2:25 of 1st period - Ryan Getzlaf wins face-off versus Dave Bolland in Panthers zone.
2:27 of 1st period - Minor Penalty to Jonas Holos for Holding.
2:28 of 1st period - Chris Drury wins face-off versus Ryan Getzlaf in Panthers zone.
2:37 of 1st period - Shot by Kristian Huselius.
2:37 of 1st period - Shot Blocked by Anton Volchenkov.
2:41 of 1st period - Shot by Ryan Getzlaf.
2:41 of 1st period - Stopped by Semyon Varlamov without a rebound.
2:42 of 1st period - Chris Drury wins face-off versus Bobby Ryan in Panthers zone.
3:12 of 1st period - Shot by Tom Gilbert.
3:12 of 1st period - Stopped by Semyon Varlamov with a rebound.
3:14 of 1st period - Shot by Michael Ryder.
3:14 of 1st period - Shot Misses the Net.
3:18 of 1st period - Shot by Bobby Ryan.
3:18 of 1st period - Shot Misses the Net.
3:20 of 1st period - Shot by Michael Ryder.
3:20 of 1st period - Stopped by Semyon Varlamov without a rebound.
3:21 of 1st period - Dustin Penner wins face-off versus Ryan Getzlaf in Panthers zone.
4:38 of 1st period - Minor Penalty to Kyle Quincey for Tripping.
4:39 of 1st period - Bobby Ryan wins face-off versus Mike Santorelli in Panthers zone.
5:07 of 1st period - Shot by Tom Gilbert.
5:07 of 1st period - Shot Misses the Net.
5:09 of 1st period - Shot by Tom Gilbert.
5:09 of 1st period - Shot Misses the Net.
5:34 of 1st period - Shot by Kristian Huselius.
5:34 of 1st period - Shot Misses the Net.
5:42 of 1st period - Shot by Kristian Huselius.
5:42 of 1st period - Shot Misses the Net.
6:40 of 1st period - Shot by Brian Gionta.
6:40 of 1st period - Stopped by Semyon Varlamov without a rebound.
6:41 of 1st period - Patrik Berglund wins face-off versus Alexei Ponikarovsky in Panthers zone.
6:41 of 1st period - Patrik Berglund is hit by Alexei Ponikarovsky.
7:10 of 1st period - Minor Penalty to Radek Martinek for Hooking.
7:11 of 1st period - Ryan Getzlaf wins face-off versus Dustin Penner in Wild zone.
7:48 of 1st period - Icing by Andrew Brunette.
7:49 of 1st period - Dustin Penner wins face-off versus Saku Koivu in Panthers zone.
8:17 of 1st period - Icing by Jonas Holos.
8:18 of 1st period - Dave Bolland wins face-off versus Ryan Getzlaf in Panthers zone.
8:18 of 1st period - Dave Bolland is hit by Ryan Getzlaf.
8:50 of 1st period - Off-side.
8:51 of 1st period - Chris Drury wins face-off versus Saku Koivu in neutral zone.
9:08 of 1st period - Shot by Mike Santorelli.
9:08 of 1st period - Deflect By Sam Gagner.
9:08 of 1st period - Shot Misses the Net.
9:12 of 1st period - Shot by Ryan Smyth.
9:12 of 1st period - Shot Misses the Net.
10:01 of 1st period - Ryan Smyth is hit by Ruslan Salei and loses puck.
11:34 of 1st period - Jonas Holos is hit by Ryan Getzlaf and loses puck.
12:14 of 1st period - Andrew Brunette is hit by Radek Martinek and loses puck.
12:16 of 1st period - Minor Penalty to Radek Martinek for Holding.
12:17 of 1st period - Ryan Getzlaf wins face-off versus Chris Drury in Wild zone.
13:03 of 1st period - Shot by Bobby Ryan.
13:03 of 1st period - Shot Blocked by Jason Blake.
13:22 of 1st period - Icing by Dave Bolland.
13:23 of 1st period - Dave Bolland wins face-off versus Saku Koivu in Panthers zone.
13:33 of 1st period - Icing by Ryan OByrne.
13:34 of 1st period - Saku Koivu wins face-off versus Dave Bolland in Panthers zone.
13:37 of 1st period - Shot by Brian Gionta.
13:37 of 1st period - Deflect By Saku Koivu.
13:37 of 1st period - Goal by Saku Koivu - Wild : 1 - Panthers : 0.
13:38 of 1st period - Ryan Getzlaf wins face-off versus Dave Bolland in neutral zone.
13:41 of 1st period - Ryan OByrne is hit by Ryan Getzlaf and loses puck.
13:49 of 1st period - Icing by Ryan Smyth.
13:50 of 1st period - Saku Koivu wins face-off versus Dave Bolland in Panthers zone.
13:55 of 1st period - Shot by Brian Gionta.
13:55 of 1st period - Stopped by Semyon Varlamov with a rebound.
13:57 of 1st period - Shot by Tom Gilbert.
13:57 of 1st period - Shot Misses the Net.
14:29 of 1st period - Patrik Berglund is hit by Alexei Ponikarovsky and loses puck.
14:39 of 1st period - Icing by Patrik Berglund.
14:40 of 1st period - Patrik Berglund wins face-off versus Ryan Getzlaf in Panthers zone.
14:48 of 1st period - Daniel Alfredsson is hit by Michal Rozsival and loses puck.
15:12 of 1st period - Anton Volchenkov is hit by Ryan Getzlaf and loses puck.
15:22 of 1st period - Dustin Penner is hit by Ruslan Salei and loses puck.
15:41 of 1st period - Shot by Bobby Ryan.
15:41 of 1st period - Stopped by Semyon Varlamov without a rebound.
15:42 of 1st period - Mike Santorelli wins face-off versus Saku Koivu in Panthers zone.
15:49 of 1st period - Shot by Saku Koivu.
15:49 of 1st period - Shot Misses the Net.
16:03 of 1st period - Shot by Mike Santorelli.
16:03 of 1st period - Stopped by Miikka Kiprusoff without a rebound.
16:04 of 1st period - Bobby Ryan wins face-off versus David Steckel in Wild zone.
16:11 of 1st period - Shot by Michael Ryder.
16:11 of 1st period - Deflect By Milan Michalek.
16:11 of 1st period - Stopped by Semyon Varlamov without a rebound.
16:12 of 1st period - Dave Bolland wins face-off versus Saku Koivu in Panthers zone.
16:18 of 1st period - Saku Koivu is hit by Ryan OByrne and loses puck.
16:50 of 1st period - David Steckel is hit by Alexei Ponikarovsky and loses puck.
16:54 of 1st period - Icing by Jason Garrison.
16:55 of 1st period - David Steckel wins face-off versus Ryan Getzlaf in Panthers zone.
17:51 of 1st period - Shot by Dave Bolland.
17:51 of 1st period - Shot Misses the Net.
17:53 of 1st period - Shot by Chris Drury.
17:53 of 1st period - Goal by Chris Drury - Wild : 1 - Panthers : 1.
17:54 of 1st period - Bobby Ryan wins face-off versus Patrik Berglund in neutral zone.
17:57 of 1st period - Shot by Bobby Ryan.
17:57 of 1st period - Shot Misses the Net.
18:05 of 1st period - Shot by Ryan Smyth.
18:05 of 1st period - Shot Misses the Net.
18:09 of 1st period - Shot by Patrik Berglund.
18:09 of 1st period - Stopped by Miikka Kiprusoff without a rebound.
18:10 of 1st period - Patrik Berglund wins face-off versus Saku Koivu in Wild zone.
18:11 of 1st period - Shot by Daniel Alfredsson.
18:11 of 1st period - Stopped by Miikka Kiprusoff without a rebound.
18:12 of 1st period - David Steckel wins face-off versus Bobby Ryan in Wild zone.
18:15 of 1st period - Shot by Jason Blake.
18:15 of 1st period - Stopped by Miikka Kiprusoff without a rebound.
18:16 of 1st period - Saku Koivu wins face-off versus Dave Bolland in Wild zone.
18:16 of 1st period - Saku Koivu is hit by Dave Bolland.
18:24 of 1st period - Icing by Dave Bolland.
18:25 of 1st period - Dave Bolland wins face-off versus Bobby Ryan in Panthers zone.
18:27 of 1st period - Icing by Sam Gagner.
18:28 of 1st period - Dave Bolland wins face-off versus Bobby Ryan in Panthers zone.
18:34 of 1st period - Shot by Dave Bolland.
18:34 of 1st period - Stopped by Miikka Kiprusoff without a rebound.
18:35 of 1st period - Patrik Berglund wins face-off versus Saku Koivu in Wild zone.
18:36 of 1st period - Shot by Ryan Smyth.
18:36 of 1st period - Shot Blocked by Colin White.
18:41 of 1st period - Off-side.
18:42 of 1st period - David Steckel wins face-off versus Bobby Ryan in neutral zone.
18:45 of 1st period - Bobby Ryan is hit by David Steckel.
18:52 of 1st period - Michael Ryder is hit by Jason Garrison and loses puck.
19:00 of 1st period - Off-side.
19:01 of 1st period - Ryan Getzlaf wins face-off versus Dave Bolland in neutral zone.
19:08 of 1st period - Shot by Kristian Huselius.
19:08 of 1st period - Shot Misses the Net.
19:12 of 1st period - Shot by Ryan Getzlaf.
19:12 of 1st period - Stopped by Semyon Varlamov without a rebound.
19:13 of 1st period - Patrik Berglund wins face-off versus Saku Koivu in Panthers zone.
19:15 of 1st period - Icing by Daniel Alfredsson.
19:16 of 1st period - Saku Koivu wins face-off versus Daniel Alfredsson in Panthers zone.

Period #2

0:01 of 2nd period - Patrik Berglund wins face-off versus Ryan Getzlaf in neutral zone.
0:11 of 2nd period - Minor Penalty to Joni Pitkanen for Interference.
0:12 of 2nd period - Saku Koivu wins face-off versus Chris Drury in Wild zone.
1:11 of 2nd period - Icing by Andrew Brunette.
1:12 of 2nd period - Ryan Getzlaf wins face-off versus Andrew Brunette in Panthers zone.
1:26 of 2nd period - Icing by Jason Garrison.
1:27 of 2nd period - Ryan Getzlaf wins face-off versus Andrew Brunette in Panthers zone.
1:41 of 2nd period - Off-side.
1:42 of 2nd period - Chris Drury wins face-off versus Ryan Getzlaf in neutral zone.
1:49 of 2nd period - Shot by Dustin Penner.
1:49 of 2nd period - Deflect By Mike Santorelli.
1:49 of 2nd period - Stopped by Miikka Kiprusoff without a rebound.
1:50 of 2nd period - Saku Koivu wins face-off versus Chris Drury in Wild zone.
2:03 of 2nd period - Shot by Dustin Penner.
2:03 of 2nd period - Shot Misses the Net.
2:05 of 2nd period - Shot by Mike Santorelli.
2:05 of 2nd period - Stopped by Miikka Kiprusoff with a rebound.
2:14 of 2nd period - Icing by Daniel Alfredsson.
2:15 of 2nd period - Joel Ward wins face-off versus Patrik Berglund in Panthers zone.
2:47 of 2nd period - Shot by Saku Koivu.
2:47 of 2nd period - Shot Misses the Net.
3:04 of 2nd period - Daniel Alfredsson is hit by Ruslan Salei and loses puck.
4:17 of 2nd period - Shot by David Steckel.
4:17 of 2nd period - Shot Blocked by Ryan Getzlaf.
4:19 of 2nd period - Shot by David Steckel.
4:19 of 2nd period - Shot Misses the Net.
4:21 of 2nd period - Shot by Anton Volchenkov.
4:21 of 2nd period - Stopped by Miikka Kiprusoff without a rebound.
4:22 of 2nd period - Chris Drury wins face-off versus Saku Koivu in Wild zone.
4:32 of 2nd period - Icing by Radek Martinek.
4:33 of 2nd period - David Steckel wins face-off versus Saku Koivu in Wild zone.
4:45 of 2nd period - Shot by David Steckel.
4:45 of 2nd period - Stopped by Miikka Kiprusoff without a rebound.
4:46 of 2nd period - Ryan Getzlaf wins face-off versus Chris Drury in Wild zone.
4:46 of 2nd period - Ryan Getzlaf is hit by Lee Stempniak.
5:52 of 2nd period - Shot by Daniel Alfredsson.
5:52 of 2nd period - Shot Misses the Net.
5:56 of 2nd period - Shot by Patrik Berglund.
5:56 of 2nd period - Deflect By Ryan Smyth.
5:56 of 2nd period - Shot Misses the Net.
5:57 of 2nd period - Minor Penalty to Colin White for Hooking.
5:58 of 2nd period - Sam Gagner wins face-off versus Saku Koivu in Wild zone.
6:09 of 2nd period - Shot by Dave Bolland.
6:09 of 2nd period - Stopped by Miikka Kiprusoff without a rebound.
6:10 of 2nd period - Saku Koivu wins face-off versus Chris Drury in Wild zone.
8:24 of 2nd period - Shot by Kristian Huselius.
8:24 of 2nd period - Shot Blocked by Anton Volchenkov.
8:26 of 2nd period - Shot by Alexei Ponikarovsky.
8:26 of 2nd period - Stopped by Semyon Varlamov without a rebound.
8:27 of 2nd period - Bobby Ryan wins face-off versus Chris Drury in Panthers zone.
8:39 of 2nd period - Shot by Ryan OByrne.
8:39 of 2nd period - Shot Blocked by Tom Gilbert.
8:41 of 2nd period - Shot by Lee Stempniak.
8:41 of 2nd period - Stopped by Miikka Kiprusoff without a rebound.
8:42 of 2nd period - Saku Koivu wins face-off versus Sam Gagner in Wild zone.
9:03 of 2nd period - Shot by Dave Bolland.
9:03 of 2nd period - Stopped by Miikka Kiprusoff without a rebound.
9:04 of 2nd period - Ryan Getzlaf wins face-off versus Patrik Berglund in Wild zone.
9:04 of 2nd period - Brian Gionta is hit by Daniel Alfredsson.
9:12 of 2nd period - Shot by Brian Gionta.
9:12 of 2nd period - Stopped by Semyon Varlamov without a rebound.
9:13 of 2nd period - David Steckel wins face-off versus Bobby Ryan in Panthers zone.
9:37 of 2nd period - Icing by Bobby Ryan.
9:38 of 2nd period - Milan Michalek wins face-off versus Dustin Penner in Wild zone.
9:57 of 2nd period - Minor Penalty to Bobby Ryan for Interference.
9:58 of 2nd period - Ryan Getzlaf wins face-off versus Chris Drury in Wild zone.
10:11 of 2nd period - Shot by Mike Santorelli.
10:11 of 2nd period - Shot Misses the Net.
10:23 of 2nd period - Shot by Anton Volchenkov.
10:23 of 2nd period - Stopped by Miikka Kiprusoff with a rebound.
10:25 of 2nd period - Shot by Ryan OByrne.
10:25 of 2nd period - Shot Misses the Net.
10:27 of 2nd period - Shot by Chris Drury.
10:27 of 2nd period - Stopped by Miikka Kiprusoff without a rebound.
10:28 of 2nd period - Ryan Getzlaf wins face-off versus Chris Drury in Wild zone.
10:35 of 2nd period - Chris Drury is hit by Ryan Getzlaf and loses puck.
10:56 of 2nd period - Shot by Jason Garrison.
10:56 of 2nd period - Goal by Jason Garrison - Wild : 1 - Panthers : 2.
10:57 of 2nd period - Patrik Berglund wins face-off versus Saku Koivu in neutral zone.
10:59 of 2nd period - Off-side.
11:00 of 2nd period - Saku Koivu wins face-off versus Patrik Berglund in neutral zone.
11:03 of 2nd period - Daniel Alfredsson is hit by Alexei Ponikarovsky and loses puck.
11:19 of 2nd period - Icing by Radek Martinek.
11:20 of 2nd period - Dave Bolland wins face-off versus Saku Koivu in Wild zone.
11:36 of 2nd period - Shot by Dustin Penner.
11:36 of 2nd period - Stopped by Miikka Kiprusoff without a rebound.
11:37 of 2nd period - Ryan Getzlaf wins face-off versus Patrik Berglund in Wild zone.
11:51 of 2nd period - Jason Garrison is hit by Ryan Getzlaf and loses puck.
12:15 of 2nd period - Shot by Brian Gionta.
12:15 of 2nd period - Goal by Brian Gionta - Wild : 2 - Panthers : 2.
12:16 of 2nd period - Bobby Ryan wins face-off versus Dave Bolland in neutral zone.
12:43 of 2nd period - Shot by Dustin Penner.
12:43 of 2nd period - Goal by Dustin Penner - Wild : 2 - Panthers : 3.
12:44 of 2nd period - David Steckel wins face-off versus Saku Koivu in neutral zone.
12:55 of 2nd period - Minor Penalty to David Steckel for Hooking.
12:56 of 2nd period - Ryan Getzlaf wins face-off versus Chris Drury in Panthers zone.
13:26 of 2nd period - Icing by Ryan Getzlaf.
13:27 of 2nd period - Chris Drury wins face-off versus Ryan Getzlaf in Wild zone.
14:44 of 2nd period - Shot by Brian Gionta.
14:44 of 2nd period - Goal by Brian Gionta - Wild : 3 - Panthers : 3.
14:45 of 2nd period - Saku Koivu wins face-off versus Patrik Berglund in neutral zone.
15:44 of 2nd period - Shot by Brian Gionta.
15:44 of 2nd period - Stopped by Semyon Varlamov without a rebound.
15:45 of 2nd period - Dave Bolland wins face-off versus Bobby Ryan in Panthers zone.
15:50 of 2nd period - Shot by Sam Gagner.
15:50 of 2nd period - Goal by Sam Gagner - Wild : 3 - Panthers : 4.
15:50 of 2nd period - Pascal Leclaire enters game.
15:51 of 2nd period - Dave Bolland wins face-off versus Bobby Ryan in neutral zone.
15:51 of 2nd period - Dustin Penner is hit by Bobby Ryan and loses puck.
16:22 of 2nd period - Shot by Bobby Ryan.
16:22 of 2nd period - Stopped by Semyon Varlamov without a rebound.
16:23 of 2nd period - Ryan Getzlaf wins face-off versus Chris Drury in Panthers zone.
16:38 of 2nd period - Shot by Chris Drury.
16:38 of 2nd period - Shot Blocked by Joni Pitkanen.
16:43 of 2nd period - Lee Stempniak is hit by Michal Rozsival and loses puck.
16:49 of 2nd period - Minor Penalty to Lee Stempniak for Interference.
16:50 of 2nd period - Bobby Ryan wins face-off versus Chris Drury in Panthers zone.
18:03 of 2nd period - Shot by Joni Pitkanen.
18:03 of 2nd period - Stopped by Semyon Varlamov without a rebound.
18:04 of 2nd period - Sam Gagner wins face-off versus Ryan Getzlaf in Panthers zone.
19:18 of 2nd period - Shot by Colin White.
19:18 of 2nd period - Shot Blocked by Jonas Holos.

Period #3

0:01 of 3rd period - Ryan Getzlaf wins face-off versus Patrik Berglund in neutral zone.
0:07 of 3rd period - Icing by Jason Garrison.
0:08 of 3rd period - Patrik Berglund wins face-off versus Bobby Ryan in Panthers zone.
0:17 of 3rd period - Shot by Bobby Ryan.
0:17 of 3rd period - Stopped by Semyon Varlamov without a rebound.
0:18 of 3rd period - Ryan Getzlaf wins face-off versus Dave Bolland in Panthers zone.
1:25 of 3rd period - Ryan Smyth is hit by Ruslan Salei and loses puck.
2:45 of 3rd period - Off-side.
2:46 of 3rd period - Dave Bolland wins face-off versus Ryan Getzlaf in neutral zone.
2:46 of 3rd period - Sam Gagner is hit by Ryan Getzlaf and loses puck.
2:54 of 3rd period - Dave Bolland is hit by Michal Rozsival and loses puck.
2:59 of 3rd period - Shot by Dustin Penner.
2:59 of 3rd period - Shot Hit the Post.
3:03 of 3rd period - Shot by Sam Gagner.
3:03 of 3rd period - Goal by Sam Gagner - Wild : 3 - Panthers : 5.
3:04 of 3rd period - Chris Drury wins face-off versus Michael Ryder in neutral zone.
3:33 of 3rd period - Shot by Bobby Ryan.
3:33 of 3rd period - Shot Misses the Net.
4:05 of 3rd period - Shot by Sam Gagner.
4:05 of 3rd period - Stopped by Pascal Leclaire without a rebound.
4:06 of 3rd period - David Steckel wins face-off versus Kristian Huselius in Wild zone.
4:14 of 3rd period - Minor Penalty to David Steckel for Hooking.
4:15 of 3rd period - Brian Gionta wins face-off versus Chris Drury in Panthers zone.
4:22 of 3rd period - Shot by Brian Gionta.
4:22 of 3rd period - Stopped by Semyon Varlamov with a rebound.
4:24 of 3rd period - Shot by Brian Gionta.
4:24 of 3rd period - Shot Misses the Net.
4:28 of 3rd period - Shot by Ryan Getzlaf.
4:28 of 3rd period - Shot Hit the Post.
4:32 of 3rd period - Shot by Ryan Getzlaf.
4:32 of 3rd period - Shot Misses the Net.
4:34 of 3rd period - Shot by Michal Rozsival.
4:34 of 3rd period - Stopped by Semyon Varlamov with a rebound.
5:35 of 3rd period - Off-side.
5:36 of 3rd period - Ryan Getzlaf wins face-off versus Dustin Penner in neutral zone.
5:39 of 3rd period - Shot by Kristian Huselius.
5:39 of 3rd period - Stopped by Semyon Varlamov without a rebound.
5:40 of 3rd period - Ryan Getzlaf wins face-off versus Dustin Penner in Panthers zone.
6:06 of 3rd period - Icing by Brian Gionta.
6:07 of 3rd period - Ryan Getzlaf wins face-off versus Dustin Penner in Wild zone.
6:26 of 3rd period - Shot by Ryan Smyth.
6:26 of 3rd period - Stopped by Pascal Leclaire with a rebound.
6:36 of 3rd period - Shot by Alexei Ponikarovsky.
6:36 of 3rd period - Shot Misses the Net.
6:38 of 3rd period - Shot by Radek Martinek.
6:38 of 3rd period - Stopped by Semyon Varlamov without a rebound.
6:39 of 3rd period - Dave Bolland wins face-off versus Bobby Ryan in Panthers zone.
6:48 of 3rd period - Icing by Ruslan Salei.
6:49 of 3rd period - Bobby Ryan wins face-off versus David Steckel in Wild zone.
7:11 of 3rd period - Icing by Ruslan Salei.
7:12 of 3rd period - Dave Bolland wins face-off versus Bobby Ryan in Wild zone.
7:19 of 3rd period - Shot by Dave Bolland.
7:19 of 3rd period - Stopped by Pascal Leclaire with a rebound.
7:35 of 3rd period - Saku Koivu is hit by Dave Bolland and loses puck.
7:58 of 3rd period - Shot by Saku Koivu.
7:58 of 3rd period - Shot Misses the Net.
8:00 of 3rd period - Shot by Alexei Ponikarovsky.
8:00 of 3rd period - Goal by Alexei Ponikarovsky - Wild : 4 - Panthers : 5.
8:01 of 3rd period - Ryan Getzlaf wins face-off versus Patrik Berglund in neutral zone.
8:03 of 3rd period - Minor Penalty to Kyle Quincey for Roughing.
8:04 of 3rd period - Chris Drury wins face-off versus Ryan Getzlaf in Panthers zone.
8:04 of 3rd period - Chris Drury is hit by Ryan Getzlaf.
8:11 of 3rd period - Icing by Michal Rozsival.
8:12 of 3rd period - Chris Drury wins face-off versus Ryan Getzlaf in Wild zone.
8:12 of 3rd period - Mike Santorelli is hit by Joni Pitkanen and loses puck.
8:55 of 3rd period - Dave Bolland is hit by Ryan Getzlaf and loses puck.
10:03 of 3rd period - Minor Penalty to Jason Garrison for High sticking.
10:04 of 3rd period - Chris Drury wins face-off versus Bobby Ryan in Panthers zone.
10:21 of 3rd period - Shot by Michael Ryder.
10:21 of 3rd period - Shot Misses the Net.
11:31 of 3rd period - Shot by Milan Michalek.
11:31 of 3rd period - Deflect By Saku Koivu.
11:31 of 3rd period - Shot Misses the Net.
11:33 of 3rd period - Shot by Saku Koivu.
11:33 of 3rd period - Stopped by Semyon Varlamov without a rebound.
11:34 of 3rd period - Bobby Ryan wins face-off versus David Steckel in Panthers zone.
11:48 of 3rd period - Icing by Bobby Ryan.
11:49 of 3rd period - Chris Drury wins face-off versus Bobby Ryan in Wild zone.
11:59 of 3rd period - Michael Ryder is hit by Ryan OByrne and loses puck.
13:14 of 3rd period - Shot by Dustin Penner.
13:14 of 3rd period - Goal by Dustin Penner - Wild : 4 - Panthers : 6.
13:15 of 3rd period - David Steckel wins face-off versus Bobby Ryan in neutral zone.
14:28 of 3rd period - Icing by Joni Pitkanen.
14:29 of 3rd period - Saku Koivu wins face-off versus Lee Stempniak in Wild zone.
14:29 of 3rd period - Saku Koivu is hit by Chris Drury.
14:34 of 3rd period - Minor Penalty to Chris Drury for Tripping.
14:35 of 3rd period - Ryan Getzlaf wins face-off versus Dustin Penner in Panthers zone.
14:42 of 3rd period - Shot by Kristian Huselius.
14:42 of 3rd period - Goal by Kristian Huselius - Wild : 5 - Panthers : 6.
14:43 of 3rd period - Chris Drury wins face-off versus Ryan Getzlaf in neutral zone.
14:50 of 3rd period - Shot by Lee Stempniak.
14:50 of 3rd period - Stopped by Pascal Leclaire without a rebound.
14:51 of 3rd period - Ryan Getzlaf wins face-off versus Daniel Alfredsson in Wild zone.
15:04 of 3rd period - Shot by Daniel Alfredsson.
15:04 of 3rd period - Goal by Daniel Alfredsson - Wild : 5 - Panthers : 7.
15:05 of 3rd period - Bobby Ryan wins face-off versus Dave Bolland in neutral zone.
15:32 of 3rd period - Shot by Milan Michalek.
15:32 of 3rd period - Shot Misses the Net.
15:36 of 3rd period - Shot by Bobby Ryan.
15:36 of 3rd period - Stopped by Semyon Varlamov with a rebound.
15:53 of 3rd period - Shot by Saku Koivu.
15:53 of 3rd period - Shot Blocked by Sam Gagner.
17:33 of 3rd period - Mike Santorelli is hit by Michal Rozsival and loses puck.
18:02 of 3rd period - Shot by Michael Ryder.
18:02 of 3rd period - Goal by Michael Ryder - Wild : 6 - Panthers : 7.
18:02 of 3rd period - Ty Conklin enters game.
18:03 of 3rd period - Bobby Ryan wins face-off versus Patrik Berglund in neutral zone.
18:18 of 3rd period - Shot by Patrik Berglund.
18:18 of 3rd period - Shot Misses the Net.
18:31 of 3rd period - Tom Gilbert is hit by Jason Garrison.
19:14 of 3rd period - Wild, Pascal Leclaire is pulled from the net.
19:14 of 3rd period - Shot by Alexei Ponikarovsky.
19:14 of 3rd period - Stopped by Ty Conklin with a rebound.
19:16 of 3rd period - Shot by Joel Ward.
19:16 of 3rd period - Shot Misses the Net.
19:18 of 3rd period - Shot by Saku Koivu.
19:18 of 3rd period - Shot Misses the Net.
19:22 of 3rd period - Shot by Saku Koivu.
19:22 of 3rd period - Goal by Saku Koivu - Wild : 7 - Panthers : 7.
19:22 of 3rd period - Pascal Leclaire from Wild was sent back in the game.
19:23 of 3rd period - Brian Gionta wins face-off versus Patrik Berglund in neutral zone.
19:42 of 3rd period - Ryan Getzlaf is hit by Anton Volchenkov and loses puck.

Overtime #1

0:01 of 1st overtime period - Chris Drury wins face-off versus Ryan Getzlaf in neutral zone.
1:31 of 1st overtime period - Shot by Brian Gionta.
1:31 of 1st overtime period - Stopped by Ty Conklin with a rebound.
1:34 of 1st overtime period - Minor Penalty to Ryan OByrne for Holding.
1:35 of 1st overtime period - Saku Koivu wins face-off versus Chris Drury in Panthers zone.
2:02 of 1st overtime period - Shot by Brian Gionta.
2:02 of 1st overtime period - Shot Misses the Net.
2:58 of 1st overtime period - Ryan Getzlaf is hit by Chris Drury and loses puck.
3:21 of 1st overtime period - Shot by Saku Koivu.
3:21 of 1st overtime period - Shot Blocked by Jason Garrison.
3:25 of 1st overtime period - Shot by Brian Gionta.
3:25 of 1st overtime period - Shot Blocked by Kyle Quincey.
3:27 of 1st overtime period - Shot by Tom Gilbert.
3:27 of 1st overtime period - Deflect By Brian Gionta.
3:27 of 1st overtime period - Stopped by Ty Conklin with a rebound.
3:29 of 1st overtime period - Shot by Tom Gilbert.
3:29 of 1st overtime period - Shot Misses the Net.
3:31 of 1st overtime period - Shot by Colin White.
3:31 of 1st overtime period - Shot Misses the Net.
3:53 of 1st overtime period - Shot by Andrew Brunette.
3:53 of 1st overtime period - Goal by Andrew Brunette - Wild : 7 - Panthers : 8.


Output by the SimonT Hockey Simulator (STHS) for Stephane Roy -- Original Page W3C XHTML 1.0 Valid